 Dungeon Crawl Stone Soup version 0.29-a0-613-gf2c431b9b9 (webtiles) character file.

Game seed: 17627532262599224773

47 zeratav the Stinger (level 3, -4/21 HPs)
             Began as an Octopode Venom Mage on June 17, 2022.
             Slain by a gnoll
             ... wielding a +0 flail
              (11 damage)
             ... on level 3 of the Dungeon.
             The game lasted 00:04:50 (2199 turns).

zeratav the Stinger (Octopode Venom Mage)           Turns: 2199, Time: 00:04:50

Health: -4/21      AC:  1    Str:  7    XL:     3   Next: 70%
Magic:  5/6        EV: 13    Int: 19    God:
Gold:   53         SH:  0    Dex: 12    Spells: 5/6 levels left

rFire   . . .      SeeInvis .   n - +1 spear (venom) {polearm}
rCold   . . .      Faith    .   (no shield)
rNeg    . . .      Spirit   .   (helmet restricted)
rPois   .          Reflect  .   (no amulet)
rElec   .          Harm     .   (no ring)
rCorr   .          Rampage  .   (no ring)
Will    .....                   (no ring)
Stlth   +++.......              (no ring)
HPRegen 0.07/turn               (no ring)
MPRegen 0.10/turn               (no ring)
                                (no ring)
                                (no ring)

@: no status effects
A: almost no armour, amphibious, 8 rings, camouflage 1, gelatinous body 1,
(nimble swimmer 1), tentacles
a: no special abilities


You were on level 3 of the Dungeon.
You visited 1 branch of the dungeon, and saw 3 of its levels.

You collected 53 gold pieces.


Innate Abilities, Weirdness & Mutations

You cannot wear most types of armour.
You are amphibious.
You can wear up to eight rings at the same time.
Your skin changes colour to match your surroundings (Stealth+).
Your rubbery body absorbs attacks. (AC +1, EV +1)
((You are camouflaged when in or above water. (Stealth+)))
You have tentacles for arms and can constrict up to eight enemies at once.


   Skills:
 - Level 2.0 Dodging
 + Level 3.5 Stealth
 + Level 2.4 Spellcasting
 - Level 1.0 Transmutations
 * Level 4.7 Poison Magic


You had 5 spell levels left.
You knew the following spells:

 Your Spells              Type           Power      Damage    Failure   Level
a - Sting                 Tmut/Pois      52%        1d5       4%          1

Your spell library contained the following spells:

 Spells                   Type           Power      Damage    Failure   Level
 Poisonous Vapours        Pois/Air       22%        N/A       10%         2
 Olgreb's Toxic Radiance  Pois           20%        N/A       22%         4
 Mephitic Cloud           Conj/Pois/Air  8%         N/A       26%         3
 Portal Projectile        Hex/Tloc       4%         N/A       43%         3
 Tukima's Dance           Hex            2%         N/A       43%         3
 Blade Hands              Tmut           3%         N/A       96%         5

Inventory:

Hand Weapons
 c - the +1 dagger of Cumpelim {flame, rElec, short}
   (You found it on level 2 of the Dungeon)

   It burns those it strikes, dealing additional fire damage.
   rElec:     It insulates you from electricity.
 n - a +1 spear of venom (weapon) {polearm}
   (You found it on level 2 of the Dungeon)
Scrolls
 d - 2 scrolls of enchant weapon {unknown}
 g - a scroll of enchant armour {unknown}
 i - a scroll of noise {unknown}
 k - a scroll of identify {unknown}
 l - a scroll of fog {unknown}
 m - a scroll of acquirement {unknown}
Potions
 a - a potion of magic
 b - 2 potions of degeneration {unknown}
 e - a potion of brilliance {unknown}
 f - a potion of berserk rage {unknown}
 h - 2 potions of curing {unknown}
 j - 2 potions of flight {unknown}
 o - 2 potions of lignification {unknown}
 p - a potion of heal wounds {unknown}
 q - a potion of mutation {unknown}

Dungeon Overview and Level Annotations

Branches:
Dungeon (3/15) Zot: 15800

Altars:
Ashenzari
Yredelemnul

...<....# ........#
#.......# #.##.##.#
######.?.....# #
..#........#### #.
#.#.P.P........
#.#####.#.._.....##
#.#....##...P.P.@g.#
.......##........#......
..#.##.##..#.#...# ##.##
.)#..............#
#...)....#####...
#.##.###.# #.### #. #.#
#.# #.# . ..# #.# #.# .
..## #.#####.#


You could see a gnoll (extremely poisoned).


Message History

n - a +1 spear of venom {polearm} Your +1 spear of venom {polearm} begins to drip with poison!
n - a +1 spear of venom (weapon)
{polearm} You drop a +0 dagger {short}.
j - 2 bubbling grey potions (gained 1)
c - the +1 dagger of Cumpelim {flame, rElec, short} You see here a dart slug corpse.
There is a stone staircase leading up here.
You see here 14 stones {throwing}.
A ball python comes into view.
The ball python hisses angrily.
A ball python is nearby!
A ball python is nearby!
You reach to attack!
You hit the ball python.
You kill the ball python!
You can't see any susceptible monsters within range! (Use Z to cast anyway.)
You can't see any susceptible monsters within range! (Use Z to cast anyway.)
o - 2 fuming green potions Done exploring.
Done exploring.
Done exploring.
Done exploring.
(D) Dungeon
Where to? (Enter - D:2, ? - help)
There is a stone staircase leading down here.
You climb downwards.
There is a stone staircase leading up here.
p - a puce potion A goblin comes into view.
It is wielding a +0 dagger.
A goblin is nearby!
The goblin shouts!
The sting hits the goblin.
The goblin is poisoned.
MP[-1]
You lost 1 mp, and now have 5/6 mp.
The sting hits the goblin.
The goblin looks even sicker.
You kill the goblin!
MP[-1]
You lost 1 mp, and now have 4/6 mp.
You can't see any susceptible monsters within range! (Use Z to cast anyway.)
A rat comes into view.
MP[+1]
A rat is nearby!
A rat is nearby!
Things that are here:
a +0 dagger {short}; a goblin corpse You hit the rat.
You kill the rat!
No target in view!
Things that are here:
a +0 dagger {short}; a goblin corpse
b - 2 bubbling orange potions (gained 1)
q - a fuming brown potion MP[+1]
Your mp is fully restored (6).
Found a basalt altar of Yredelemnul.
A hobgoblin comes into view.
Found a stone staircase leading up.
The hobgoblin shouts!
A hobgoblin is nearby!
A hobgoblin is nearby!
A hobgoblin is nearby!
A gnoll comes into view. It is wielding a +0 flail.
You reach to attack!
You hit the hobgoblin but do no damage.
The hobgoblin is poisoned.
You hit the hobgoblin.
The hobgoblin looks as sick as possible!
Your grab misses the hobgoblin. You squeeze the hobgoblin.
The hobgoblin hits you.
HP[-4]
You take 4 damage, and now have 17/21 hp.
The gnoll shouts!
You hit the hobgoblin but do no damage.
The hobgoblin looks as sick as possible!
Your grab misses the hobgoblin. Your squeeze misses the hobgoblin.
You hear a shout!
You kill the hobgoblin!
You reach to attack!
You hit the gnoll.
The gnoll is poisoned.
You barely miss the gnoll. Your grab misses the gnoll.
You squeeze the gnoll, but do no damage.
The gnoll hits you with a +0 flail!
Ouch! That really hurt!
* * * LOW HITPOINT WARNING * * *
HP[-11]
You take 11 damage, and now have 6/21 hp.
MASSIVE DAMAGE!! (PAUSE)
You are too injured to fight recklessly!
You are too injured to fight recklessly!
Casting: Sting (safe; 4% risk of failure)
Confirm with . or Enter, or press ? or * to list all spells.
Aiming: Sting (safe; 4% risk of failure)
Press: ? - help, Shift-Dir - straight line, f/p - gnoll
Aim: a gnoll, wielding a +0 flail (lightly wounded, very poisoned, 75% to hit)
The sting hits the gnoll.
The gnoll looks as sick as possible!
The gnoll misses you.
HP[+1] MP[-1]
You lost 1 mp, and now have 5/6 mp.
You barely miss the gnoll. Your grab misses the gnoll.
The gnoll hits you with a +0 flail!
Ouch! That really hurt!
You die...

Skill      XL: |  1 |
---------------+----+-----
Stealth        | 3 |  3.5
Poison Magic   | 4 |  4.7
Dodging        | |  2.0
Spellcasting   | |  2.4
Transmutations | |  1.0

Action                   || total
-------------------------++-------
Melee: Dagger            ||    41
       Tentacles         ||     7
       Constrict         ||    10
       Spear             ||     8
 Cast: Sting             ||    34
 Stab: Sleeping          ||    10
Armor: Skin              ||     2
Dodge: Dodged            ||    34

Levels and vault maps discovered:
D:1:      amcnicky_arrival_double_pillar, layout_basic, minmay_misc_feat_x,
          hex_medium
D:2:      layout_loops_cross, ebering_ecumenical_altar_hall, basic_altar
D:3:      layout_loops_cross, yredelemnul_altar_generic, uniq_terence

Notes
Turn   | Place    | Note
-------+----------+-------------------------------------------
     0 | D:1      | zeratav the Octopode Venom Mage began the quest for the
                  | Orb.
     0 | D:1      | Reached XP level 1. HP: 11/11 MP: 3/3
     0 | D:1      | magus.rc [v1.9.6]
   249 | D:1      | Reached skill level 3 in Stealth
   249 | D:1      | Reached skill level 4 in Poison Magic
   249 | D:1      | Reached XP level 2. HP: 17/17 MP: 5/5
   508 | D:1      | You pick up a book of Weapons and begin reading...
   508 | D:1      | You add the spells Tukima's Dance, Portal Projectile and
                  | Blade Hands to your library.
  1057 | D:2      | Reached XP level 3. HP: 21/21 MP: 6/6
  1209 | D:2      | Found a faded altar of an unknown god.
  1263 | D:2      | HP: 5/21 [kobold/+0 whip (5)]
  1833 | D:2      | Found a broken altar of Ashenzari.
  1962 | D:2      | Identified the +1 dagger of Cumpelim {flame, rElec}
  2176 | D:3      | Found a basalt altar of Yredelemnul.
  2199 | D:3      | Slain by a gnoll

Vanquished Creatures
  An adder (D:2)
  A dart slug (D:2)
  3 endoplasms
  2 giant cockroaches (D:2)
  4 hobgoblins
  A quokka (D:1)
  8 ball pythons
  3 bats
  2 frilled lizards (D:1)
  3 goblins
  5 kobolds
  7 rats
40 creatures vanquished.

Table legend:
 A = Non-vault XP
 B = Vault XP
 C = Vault XP percentage of total XP
 D = Non-vault monster count
 E = Vault monster count
 F = Vault count percentage of total count
                 A         B        C        D         E       F
            +---------+---------+-------+---------+---------+-------
      Total |      68 |       0 |   0.0 |      40 |       0 |   0.0
            +---------+---------+-------+---------+---------+-------
        D:1 |      21 |       0 |   0.0 |      18 |       0 |   0.0
        D:2 |      42 |       0 |   0.0 |      19 |       0 |   0.0
        D:3 |       5 |       0 |   0.0 |       3 |       0 |   0.0
            +---------+---------+-------+---------+---------+-------

Illustrated notes

Table legend:
 A = Kills in this place as a percentage of kills in entire the game.
 B = Kills by you in this place as a percentage of kills by you in the entire game.
 C = Kills by friends in this place as a percentage of kills by friends in the entire game.
 D = Other kills in this place as a percentage of other kills in the entire game.
 E = Experience gained in this place as a percentage of experience gained in the entire game.
 F = Experience gained in this place divided by the number of levels of this place that you have seen.
                   A       B       C       D       E      F
               +-------+-------+-------+-------+-------+----------------------
         Total | 100.0 | 100.0 |   N/A |   N/A | 100.0 |  22.7
       Dungeon | 100.0 | 100.0 |   N/A |   N/A | 100.0 |  22.7
               +-------+-------+-------+-------+-------+----------------------

Table legend: (Time is in decaauts)
 A = Elapsed time spent in this place.
 B = Non-inter-level travel time spent in this place.
 C = Inter-level travel time spent in this place.
 D = Time resting spent in this place.
 E = Time spent auto-exploring this place.
 F = Levels seen in this place.
 G = Mean time per level.
                   A        B        C        D        E       F      G
               +--------+--------+--------+--------+--------+-----+--------+
         Total |   2198 |   2170 |     28 |    247 |   1651 |   3 |  732.7 |
       Dungeon |   2198 |   2170 |     28 |    247 |   1651 |   3 |  732.7 |
               +--------+--------+--------+--------+--------+-----+--------+

Top non-repeatable levels by time:
     D:2: 1089 daAuts
     D:1: 990 daAuts
     D:3: 118 daAuts
